 Dungeon Crawl Stone Soup version 0.23.1 (webtiles) character file.

Game seed: 9186827143413487604

994 Borgoz the Cutter (level 8, 0/67 HPs)
             Began as a Ghoul Gladiator on Mar 8, 2019.
             Slain by an ogre
             ... wielding a +0 giant club
              (28 damage)
             ... on level 4 of the Dungeon.
             The game lasted 00:09:45 (4253 turns).

Borgoz the Cutter (Ghoul Gladiator)                 Turns: 4253, Time: 00:09:46

Health: 0/67       AC:  6    Str: 18    XL:     8   Next: 19%
Magic:  7/7        EV: 14    Int:  5    God:
Gold:   178        SH:  0    Dex: 15    Spells: 7/7 levels left

rFire    . . .     SeeInvis .   a - +5 dagger
rCold    + . .     Gourm    .   (no shield)
rNeg     + + +     Faith    .   k - +0 leather armour
rPois    ∞         Spirit   .   c - +1 helmet
rElec    .         Reflect  .   n - +0 cloak
rCorr    .         Harm     .   (no gloves)
MR       .....                  (no boots)
Stlth    ++........             u - amulet of inaccuracy (curse)
HPRegen  0.00/turn              v - +5 ring of dexterity
MPRegen  0.10/turn              (no ring)

@: rotting
A: rotting body, claws 1, carnivore, cold resistance 1, negative energy
resistance 3, inhibited regeneration, torment resistance, unbreathing
a: no special abilities


You were on level 4 of the Dungeon.
You were not hungry.

You visited 2 branches of the dungeon, and saw 6 of its levels.

You collected 178 gold pieces.

Inventory:

Hand Weapons
 a - a +5 dagger (weapon)
 b - a +1 dagger of venom
Missiles
 d - 2 throwing nets (quivered)
Armour
 c - a +1 helmet (worn)
 h - a +1 ring mail of magic resistance
 k - a +0 leather armour (worn)
 n - a +0 cloak (worn)
Jewellery
 u - a cursed amulet of inaccuracy (around neck)
 v - a +5 ring of dexterity (left claw)
Scrolls
 e - 4 scrolls of enchant weapon
 l - a scroll of identify
 m - a scroll of enchant armour
 t - a scroll of amnesia
Potions
 g - a potion of haste
 i - 2 potions of cancellation
Comestibles
 f - 8 rations
 j - 6 chunks of flesh


   Skills:
 + Level 4.4 Fighting
 + Level 5.7 Short Blades
 - Level 1.7 Throwing
 + Level 3.1 Armour
 + Level 4.8 Dodging
 + Level 2.9 Stealth


You had 7 spell levels left.
You didn't know any spells.
Your spell library was empty.

Dungeon Overview and Level Annotations

Branches:
Dungeon (5/15)             Temple (1/1) D:4

Altars:
Cheibriados
Dithmenos
Elyvilon
Fedhas
Gozag
Makhleb
Nemelex Xobeh
Okawaru
Ru
Trog
Uskayaw
Vehumet
Wu Jian
Jiyva

Shops:
D:4 ?


Innate Abilities, Weirdness & Mutations

Your body is rotting away.
You thrive on raw meat.
You are immune to poison.
You have sharp fingernails.
You are carnivorous and can eat meat at any time.
Your flesh is cold resistant. (rC+)
You are immune to negative energy. (rN+++)
You do not regenerate when monsters are visible.
You are immune to unholy pain and torment.
You can survive without breathing.


Message History

You start putting on your armour.
You continue putting on your cloak. x4
You finish putting on your +0 cloak.
The ogre shouts!
You hear a shout! x2
An orc priest comes into view. It is wielding a +0 mace.
You completely miss the ogre. You hit the ogre.
The ogre is lightly wounded.
The ogre misses you.
You hit the ogre.
The ogre is lightly wounded.
You hit the ogre.
The ogre is moderately wounded.
The ogre hits you with a +0 giant club!!
Okay, then.
Okay, then.
An orc comes into view. It is wielding a +0 war axe.
The orc shouts!
An orc comes into view. It is wielding a +0 falchion.
The ogre hits you with a +0 giant club!!
You die...

. ..# ..o$
..# .....
#####'# .....
#.....#
.....o#.....#
......#.....#
......'.....#
......#Oo...#
...PP #.@...#


..PPP #.....# ..._..#.....# ..PP..#.....# ..PP..'.....# ......#.....#
......#.....# ..... #.....# ..... #<∩...# You could see an ogre, an orc priest
and 2 orcs.

Vanquished Creatures
  Menkaure (D:4)
  Edmund (D:4)
  A sky beast (D:4)
  A howler monkey (D:4)
  A hound (D:4)
  4 orc priests (D:4)
  6 orc wizards (D:4)
  3 worker ants
  A howler monkey zombie (D:4)
  5 adders
  2 oozes
  A dart slug (D:4)
  3 worms
  2 leopard geckos
  6 orcs (D:4)
  2 giant cockroaches (D:1)
  4 goblins
  8 hobgoblins
  4 jackals (D:2)
  7 kobolds
  3 ball pythons
  11 bats
  9 frilled lizards
  6 rats
92 creatures vanquished.

Vanquished Creatures (others)
  Eustachio (D:4)
  An orc (D:4)
  2 fungi (D:4)
  A plant (D:4)
5 creatures vanquished.

Grand Total: 97 creatures vanquished

Notes
Turn   | Place    | Note
-------+----------+-------------------------------------------
     0 | D:1      | Borgoz the Ghoul Gladiator began the quest for the Orb.
     0 | D:1      | Reached XP level 1. HP: 17/17 MP: 0/0
    35 | D:1      | Reached XP level 2. HP: 8/25 MP: 1/1
   356 | D:1      | Reached skill level 3 in Short Blades
   762 | D:1      | Reached XP level 3. HP: 29/29 MP: 2/2
   975 | D:2      | Reached skill level 1 in Armour
   975 | D:2      | Reached XP level 4. HP: 19/37 MP: 3/3
  2329 | D:3      | Found a blossoming altar of Fedhas.
  2371 | D:3      | Reached XP level 5. HP: 40/44 MP: 4/4
  2607 | D:3      | Found a hide-covered altar of Uskayaw.
  2926 | D:4      | Noticed Edmund
  2957 | D:4      | Killed Edmund
  2957 | D:4      | Reached skill level 4 in Short Blades
  2957 | D:4      | Reached skill level 1 in Stealth
  2957 | D:4      | Reached XP level 6. HP: 22/51 MP: 5/5
  3193 | D:4      | Found a burning altar of Makhleb.
  3224 | D:4      | Noticed Eustachio
  3281 | D:4      | Killed Eustachio
  3281 | D:4      | Reached XP level 7. HP: 56/58 MP: 6/6
  3364 | D:4      | Found a staircase to the Ecumenical Temple.
  3397 | Temple   | Entered the Ecumenical Temple
  3561 | D:4      | Reached skill level 5 in Short Blades
  3696 | D:4      | Noticed Menkaure
  3713 | D:5      | Entered Level 5 of the Dungeon
  3955 | D:4      | Killed Menkaure
  3955 | D:4      | Reached XP level 8. HP: 63/66 MP: 7/7
  4185 | D:4      | Found an ornate altar of the Wu Jian Council.
  4212 | D:4      | Found Funosox's Magic Scroll Shop.
  4223 | D:4      | Found a blossoming altar of Fedhas.
  4253 | D:4      | Slain by an ogre

Skill      XL: |  1  2  3  4  5  6  7 |
---------------+----------------------+-----
Dodging        | 3 4 |  4.8
Short Blades   | 3 4 5 |  5.7
Armour         | 1 2 3 |  3.1
Fighting       | 3 4 |  4.4
Stealth        | 1 2 |  2.9
Throwing       | |  1.7

Action                   |  1- 3 |  4- 6 |  7- 9 || total
-------------------------+-------+-------+-------++-------
Melee: Rapier            |   103 |   245 |    20 ||   368
       Dagger            |       |       |   140 ||   140
Throw: Throwing net      |       |     1 |     2 ||     3
  Use: Scroll            |       |    10 |       ||    10
       Potion            |       |     7 |     1 ||     8
 Stab: Invisible         |       |     6 |     1 ||     7
       Held in net/web   |       |       |     1 ||     1
  Eat: Chunk             |     7 |     9 |    12 ||    28
Armor: Leather armour    |    38 |    59 |    24 ||   121
Dodge: Dodged            |    86 |   161 |    84 ||   331
